 Dungeon Crawl Stone Soup version 0.32-a0-576-g706899e69d (webtiles) character file.

Game seed: 17966046623326270630

54 DrKenneth the Covered (level 3, 0/33 HPs)
             Began as a Minotaur Fighter on Mar 2, 2024.
             Slain by a gnoll
             ... wielding a +0 spear
              (1 damage)
             ... on level 2 of the Dungeon.
             The game lasted 00:02:05 (1219 turns).

DrKenneth the Covered (Minotaur Fighter)            Turns: 1219, Time: 00:02:05

Health: 0/33       AC:  7    Str: 22    XL:     3   Next: 66%
Magic:  2/2        EV:  9    Int:  5    God:
Gold:   77         SH:  4    Dex:  9    Spells: 2/2 levels left

rFire   . . .        a - +0 war axe
rCold   . . .        c - +0 buckler
rNeg    . . .        b - +0 scale mail
rPois   .            (helmet restricted)
rElec   .            (no cloak)
rCorr   .            (no gloves)
SInv    .            (no boots)
Will    .....        (no amulet) Stlth
                     (no ring)
HPRegen 0.25/turn    (no ring)
MPRegen 0.08/turn

%: no passive effects
@: no status effects
A: horns 2, retaliatory headbutt
a: no special abilities


You were on level 2 of the Dungeon.
You visited 1 branch of the dungeon, and saw 2 of its levels.

You collected 77 gold pieces.

Inventory:

Hand Weapons
 a - a +0 war axe (weapon)
Armour
 b - a +0 scale mail (worn)
 c - a +0 buckler (worn)
Scrolls
 f - a scroll of amnesia {unknown}
 k - a scroll of noise {unknown}
 l - a scroll of revelation {unknown}
Potions
 d - a potion of might
 e - a potion of invisibility {unknown}
 g - 3 potions of attraction {unknown}
 h - a potion of experience {unknown}
 i - a potion of haste {unknown}
 j - a potion of magic {unknown}
 m - a potion of heal wounds {unknown}


   Skills:
 + Level 4.2 Fighting
 + Level 3.3 Axes
 + Level 4.2 Armour
 + Level 4.1 Shields


You had 2 spell levels left.
You didn't know any spells.
Your spell library was empty.

Dungeon Overview and Level Annotations

Branches:
Dungeon (2/15)

Altars:


Innate Abilities, Weirdness & Mutations

You have a pair of horns on your head.
You reflexively headbutt those who attack you in melee.


Message History

You barely miss the ribbon worm.
The ribbon worm is severely wounded.
The ribbon worm barely misses you.
You hit the ribbon worm but do no damage.
You headbutt the ribbon worm!
You kill the ribbon worm!
The adder bites you.
You completely miss the adder. The adder closely misses you.
You furiously retaliate!
You headbutt the adder!
You kill the adder!
The gnoll hits you from afar with a +0 spear.
You see here a ribbon worm corpse.
You slash the ribbon worm!
The ribbon worm is severely wounded.
The gnoll hits you but does no damage.
The ribbon worm expels a string of sticky webbing.
The stream of webbing hits you but does no damage.
You are caught in a web!
The web tears apart.
The gnoll closely misses you.
The ribbon worm bites you but does no damage.
You hit the ribbon worm.
The ribbon worm is almost dead.
The gnoll hits you from afar with a +0 spear!
* * * LOW HITPOINT WARNING * * *
You block the ribbon worm's attack.
You slash the ribbon worm!
You kill the ribbon worm!
The gnoll hits you but does no damage.
The gnoll hits you from afar with a +0 spear.
* * * LOW HITPOINT WARNING * * *
You completely miss the hobgoblin. You headbutt the hobgoblin.
The hobgoblin is heavily wounded.
The hobgoblin hits you.
* * * LOW HITPOINT WARNING * * *
You block the gnoll's attack.
You slash the hobgoblin!
You kill the hobgoblin!
The gnoll hits you but does no damage. The rat bites you but does no damage.
The gnoll hits you from afar with a +0 spear.
You die...

########.+ .#
#........## .
#....†....# #
#.....#####
#....##...+ #
###..#..$.. .#
##.#....[### #.#
##.#..?.wg.####..#
#..##.).##gr@...#
#...#####.#####.#
#...............#
#.....##..#######
#.....##.##
#.....#..# #
#.......## #
####'#### # ##.#


You could see a gnoll, a dart slug, a goblin and a rat.

Vanquished Creatures
  An adder (D:2)
  2 ribbon worms (D:2)
  A dart slug (D:2)
  6 endoplasms
  8 goblins
  2 hobgoblins
  3 kobolds
  4 quokkas
  A ball python (D:1)
  3 bats
  4 frilled lizards
  3 rats (D:2)
38 creatures vanquished.

Notes
Turn   | Place    | Note
-------+----------+-------------------------------------------
     0 | D:1      | DrKenneth the Minotaur Fighter began the quest for the Orb.
     0 | D:1      | Reached XP level 1. HP: 19/19 MP: 0/0
   266 | D:1      | Reached XP level 2. HP: 27/27 MP: 1/1
   951 | D:2      | Reached XP level 3. HP: 31/33 MP: 2/2
  1217 | D:2      | HP: 1/33 [gnoll/+0 spear (4)]
  1219 | D:2      | Slain by a gnoll

Illustrated notes

Levels and vault maps discovered:
D:1:      amcnicky_arrival_gap_in_the_tavern_cellar, layout_loops_ring
D:2:      layout_basic, minmay_joined_circles

Skill      XL: |  1  2 |
---------------+-------+-----
Armour         | 4 |  4.2
Fighting       | 4 |  4.2
Shields        | 4 |  4.1
Axes           | 3 |  3.3

Action                     || total
---------------------------++-------
  Melee: War axe           ||    72
         Headbutt          ||    10
 Armour: Scale mail        ||    60
  Dodge: Dodged            ||    32
  Block: Buckler           ||    10

Table legend: (Time is in decaauts)
 A = Elapsed time spent in this place.
 B = Non-inter-level travel time spent in this place.
 C = Inter-level travel time spent in this place.
 D = Time resting spent in this place.
 E = Time spent auto-exploring this place.
 F = Levels seen in this place.
 G = Mean time per level.
                   A        B        C        D        E       F      G
               +--------+--------+--------+--------+--------+-----+--------+
         Total |   1246 |   1189 |     57 |      0 |    979 |   2 |  623.0 |
       Dungeon |   1246 |   1189 |     57 |      0 |    979 |   2 |  623.0 |
               +--------+--------+--------+--------+--------+-----+--------+

Top non-repeatable levels by time:
     D:1: 709 daAuts
     D:2: 536 daAuts
